Blackhawks vs Kings

Created - 1 avril 2022 at 16:58

Goals
1 2 3 T
Blackhawks 1 2 1 4
Kings 1 4 1 6
Shots
1 2 3 T
Blackhawks 9 12 17 38
Kings 10 15 12 37

GoalsPenalties
1st period
1. Blackhawks , Kevin Rooney 7 (Patric Hornqvist 13, Anthony Bitetto 16) at 12:35
2. Kings , Yanni Gourde 23 (Mike Hoffman 31, Teddy Blueger 35) at 16:39 (PP)
Justin Holl (CHI) for Roughing (Double Minor) at 13:54
2nd period
3. Kings , Johnny Gaudreau 14 (Zach Werenski 47, William Karlsson 44) at 0:41
4. Kings , Johnny Gaudreau 15 (William Karlsson 45, Yanni Gourde 30) at 6:11 (PP)
5. Blackhawks , Kyle Palmieri 12 (Roman Josi 60, Derek Grant 21) at 7:45 (PP)
6. Kings , Brock Boeser 34 (Teddy Blueger 36, Mike Hoffman 32) at 15:11 (PP)
7. Kings , Johnny Gaudreau 16 (Kyle Connor 46, William Karlsson 46) at 16:41
8. Blackhawks , Kevin Rooney 8 (Patric Hornqvist 14) at 17:11
Yanni Gourde (LOS) for Tripping (Minor) at 1:22
Justin Holl (CHI) for Holding (Minor) at 1:22
Evander Kane (CHI) for Holding Stick (Minor) at 5:10
Alex Pietrangelo (LOS) for Slashing (Minor) at 6:49
Teddy Blueger (LOS) for Elbowing (Minor) at 7:17
Corey Perry (LOS) for Hooking (Minor) at 8:21
Kyle Palmieri (CHI) for Cross-checking (Minor) at 13:17
Yanni Gourde (LOS) for Cross-checking (Minor) at 17:26
3rd period
9. Blackhawks , Kyle Palmieri 13 (Roman Josi 61, Dmitry Orlov 38) at 7:41 (PP)
10. Kings , Zdeno Chara 12 (Johnny Gaudreau 43, William Karlsson 47) at 17:52
Shea Weber (LOS) for Holding (Minor) at 6:59
Scott Mayfield (LOS) for Hooking (Minor) at 7:21
Goalie Stats
Carey Price (CHI), 31 saves from 37 shots - (0,838), L, 35-30-3, 60:00 minutes
Jordan Binnington (LOS), 34 saves from 38 shots - (0,895), W, 41-17-8, 60:00 minutes
3 StarsOfficial
1 - Johnny Gaudreau (LOS)
2 - William Karlsson (LOS)
3 - Kevin Rooney (CHI)
Referees : Kevin Pollock and Dave Jackson
Linesman : Pierre Racicot and Derek Amell
Game Note
Johnny Gaudreau has scored a Hat Trick!



Team Name Goals Shots Shots Attemp Shots Blocked PIM HIT PP PK FO%
Blackhawks 438881510192 / 6 (33%)356%
Kings 637701614223 / 4 (75%)244%

Blackhawks
Player Name POS G A P +/- PIM HIT SHT SB MP PP MP PP SHT PK MP PK SHT FO% FOT
Anthony BitettoD0111010312:230:0000:0000% 0
Cam FowlerD000-1001123:064:1803:0900% 0
Chris TerryRW0001002111:310:0000:00050% 2
Derek GrantC/LW011-1021020:473:2612:59055% 31
Dmitry OrlovD011-1021223:103:3311:0200% 0
Evander KaneLW/RW000-1225020:444:2511:58050% 4
Gabriel LandeskogLW000-1015121:054:2511:550100% 2
Jordan StaalC000-1012020:574:2511:47053% 30
Justin HollD000-1633220:404:1821:2900% 0
Kevin RooneyC/LW2021003013:180:0001:47044% 16
Kyle PalmieriRW202-1235017:263:2620:00067% 3
Marc StaalD0001000215:000:0002:3700% 0
Patric HornqvistRW0221013011:310:0000:0000% 0
Rocco GrimaldiC/RW000000105:510:0000:000100% 1
Roman JosiD022-1012325:393:3313:0300% 0
Tomas NosekC/LW000001005:510:0000:0000% 0
Viktor ArvidssonLW/RW000-1013016:333:2610:0000% 1
Zac DalpeC000000106:450:0000:54078% 9
Kings
Player Name POS G A P +/- PIM HIT SHT SB MP PP MP PP SHT PK MP PK SHT FO% FOT
Alex PietrangeloD0001232227:323:0313:4900% 0
Brock BoeserRW1010015018:432:2130:0000% 2
Brock McGinnLW/RW000000026:290:0003:2000% 2
Corey PerryLW/RW000-120108:320:0000:0400% 0
David KampfC/LW/RW000000003:090:0000:00050% 4
Derek ForbortD000-1021013:330:0003:4800% 0
Johnny GaudreauLW/RW3142054021:023:1910:0000% 2
Kyle ConnorLW0112011121:493:1910:0000% 3
Mike HoffmanLW/RW0220003018:072:2110:00067% 6
Pierre-Edouard BellemareC000-1003012:030:0003:35067% 9
Ryan CarpenterC/RW000001104:110:0001:020100% 2
Scott MayfieldD000-1200413:170:0002:5600% 0
Shea WeberD0001212322:072:3713:2800% 0
Teddy BluegerC/LW022-1233113:132:2102:24031% 16
William KarlssonC0442014025:213:1913:32053% 36
Yanni GourdeC/LW/RW1120425018:212:3720:00035% 17
Zach WerenskiD0111000325:073:0301:2300% 0
Zdeno CharaD1011022015:440:0000:1700% 0

Blackhawks

5 vs 5 Forward
Line #Left WingCenterRight WingPHYDFOFWanted %Time %Time Play
1Gabriel LandeskogJordan StaalKyle Palmieri0233231%14:01
2Viktor ArvidssonDerek GrantEvander Kane0233029%13:07
3Chris TerryKevin RooneyPatric Hornqvist1222526%11:31
4Tomas NosekZac DalpeRocco Grimaldi0321313%5:51
5 vs 5 Defense
Line #DefenseDefensePHYDFOFWanted %Time %Time Play
1Roman JosiDmitry Orlov0324439%17:12
2Justin HollCam Fowler0323834%14:55
3Anthony BitettoMarc Staal0411828%12:23
4Roman JosiJustin Holl02300%0:00
Power Play Forward
Line #Left WingCenterRight WingPHYDFOFWanted %Time %Time Play
1Gabriel LandeskogJordan StaalEvander Kane0146056%4:25
2Viktor ArvidssonDerek GrantKyle Palmieri0144044%3:26
Power Play Defense
Line #DefenseDefensePHYDFOFWanted %Time %Time Play
1Roman JosiDmitry Orlov0236045%3:33
2Justin HollCam Fowler0234055%4:18
Penalty Kill 4 Players Forward
Line #CenterWingPHYDFOFWanted %Time %Time Play
1Derek GrantEvander Kane0416069%3:53
2Jordan StaalKevin Rooney0414031%1:47
Penalty Kill 4 Players Defense
Line #DefenseDefensePHYDFOFWanted %Time %Time Play
1Roman JosiJustin Holl0416054%3:03
2Cam FowlerMarc Staal0414046%2:37
Penalty Kill 3 Players
Line #WingPHYDFOFWanted %Time %Time PlayDefenseDefensePHYDFOFWanted %Time %Time Play
1Derek Grant050500%0:00 Roman JosiJustin Holl050500%0:00
2Gabriel Landeskog050500%0:00 Cam FowlerMarc Staal050500%0:00
4 vs 4 Forward
Line #CenterWingPHYDFOFWanted %Time %Time Play
1Derek GrantEvander Kane1226063%1:15
2Jordan StaalGabriel Landeskog1224037%0:44
4 vs 4 Defense
Line #DefensePHYDFOFWanted %Time %Time Play
1Roman JosiDmitry Orlov1226063%60% - 1:15
2Justin HollCam Fowler1224037%40% - 0:44
Last Minutes Offensive
Left WingCenterRight WingDefenseDefense
Gabriel LandeskogJordan StaalEvander KaneRoman JosiDmitry Orlov
Last Minutes Defensive
Left WingCenterRight WingDefenseDefense
Derek GrantKevin RooneyChris TerryJustin HollMarc Staal
Time
Total ForwardTotal DefenseLast Minutes OffensiveLast Minutes Defensive
60:00 60:00 0:000:00
Extra Forwards
Normal PowerPlayPenalty Kill
Evander Kane, Jordan Staal, Gabriel LandeskogViktor Arvidsson, Kyle PalmieriDerek Grant
Extra Defensemen
Normal PowerPlayPenalty Kill
Roman Josi, Dmitry Orlov, Justin HollRoman Josi, Marc StaalJustin Holl
Penalty Shots
Evander Kane, Viktor Arvidsson, Derek Grant, Gabriel Landeskog, Roman Josi
Goalie
Carey Price, Petr Mrazek
Custom OT Lines Forwards
Evander Kane, Jordan Staal, Gabriel Landeskog, Viktor Arvidsson, Kyle Palmieri, Patric Hornqvist, Derek Grant, Chris Terry, Kevin Rooney, Rocco Grimaldi
Custom OT Lines Defensemen
Roman Josi, Dmitry Orlov, Cam Fowler, Justin Holl, Marc Staal
Scratches
Ben Hutton (Healthy), Christian Djoos (Healthy), Jonathan Toews (Broken Bone (Left Ankle) Injury), Jason Dickinson (Right Knee Injury)

Kings

5 vs 5 Forward
Line #Left WingCenterRight WingPHYDFOFWanted %Time %Time Play
1Kyle ConnorWilliam KarlssonJohnny Gaudreau0234038%17:07
2Brock BoeserYanni GourdeMike Hoffman0233635%15:46
3Pierre-Edouard BellemareTeddy BluegerCorey Perry1221619%8:28
4Brock McGinnDavid KampfRyan Carpenter22187%3:09
5 vs 5 Defense
Line #DefenseDefensePHYDFOFWanted %Time %Time Play
1Zach WerenskiAlex Pietrangelo1224443%19:18
2Zdeno CharaShea Weber1313635%15:27
3Derek ForbortScott Mayfield1402022%9:45
4Zach WerenskiShea Weber04100%0:00
Power Play Forward
Line #Left WingCenterRight WingPHYDFOFWanted %Time %Time Play
1Johnny GaudreauWilliam KarlssonKyle Connor0145359%3:19
2Mike HoffmanTeddy BluegerBrock Boeser0144741%2:21
Power Play Defense
Line #DefenseDefensePHYDFOFWanted %Time %Time Play
1Zach WerenskiAlex Pietrangelo0145554%3:03
2Shea WeberYanni Gourde0234546%2:37
Penalty Kill 4 Players Forward
Line #CenterWingPHYDFOFWanted %Time %Time Play
1Pierre-Edouard BellemareTeddy Blueger1405046%2:48
2William KarlssonBrock McGinn1405054%3:20
Penalty Kill 4 Players Defense
Line #DefenseDefensePHYDFOFWanted %Time %Time Play
1Alex PietrangeloScott Mayfield1405059%3:37
2Derek ForbortShea Weber1405041%2:31
Penalty Kill 3 Players
Line #WingPHYDFOFWanted %Time %Time PlayDefenseDefensePHYDFOFWanted %Time %Time Play
1Pierre-Edouard Bellemare0505046%0:47 Scott MayfieldAlex Pietrangelo1405025%0:26
2Teddy Blueger0505054%0:56 Derek ForbortShea Weber1405075%1:17
4 vs 4 Forward
Line #CenterWingPHYDFOFWanted %Time %Time Play
1William KarlssonKyle Connor0235570%1:23
2Yanni GourdeJohnny Gaudreau0234530%0:36
4 vs 4 Defense
Line #DefensePHYDFOFWanted %Time %Time Play
1Alex PietrangeloZach Werenski0325070%50% - 1:23
2Scott MayfieldShea Weber0325030%50% - 0:36
Last Minutes Offensive
Left WingCenterRight WingDefenseDefense
Johnny GaudreauWilliam KarlssonKyle ConnorBrock BoeserZach Werenski
Last Minutes Defensive
Left WingCenterRight WingDefenseDefense
Brock McGinnPierre-Edouard BellemareTeddy BluegerScott MayfieldShea Weber
Time
Total ForwardTotal DefenseLast Minutes OffensiveLast Minutes Defensive
60:00 60:00 0:000:00
Extra Forwards
Normal PowerPlayPenalty Kill
Johnny Gaudreau, Brock Boeser, Kyle ConnorYanni Gourde, Corey PerryRyan Carpenter
Extra Defensemen
Normal PowerPlayPenalty Kill
Zach Werenski, Shea Weber, Scott MayfieldZdeno Chara, Zach WerenskiZdeno Chara
Penalty Shots
Mike Hoffman, Johnny Gaudreau, Kyle Connor, Brock Boeser, Zach Werenski
Goalie
Jordan Binnington, Michael Hutchinson
Custom OT Lines Forwards
Kyle Connor, Johnny Gaudreau, William Karlsson, Mike Hoffman, Yanni Gourde, Brock Boeser, Teddy Blueger, Corey Perry, Pierre-Edouard Bellemare, Brock McGinn
Custom OT Lines Defensemen
Alex Pietrangelo, Zach Werenski, Shea Weber, Scott Mayfield, Zdeno Chara
Scratches
Niko Mikkola (Healthy), Jarred Tinordi (Healthy), Dylan McIlrath (Healthy), Mikhail Grigorenko (Healthy)


Play-by-Play

1st period


0:01 of 1st period - William Karlsson wins face-off versus Jordan Staal in neutral zone.
0:01 of 1st period - Kyle Connor is hit by Kyle Palmieri and loses puck.
0:16 of 1st period - Shot by Gabriel Landeskog.
0:16 of 1st period - Stopped by Jordan Binnington without a rebound.
0:17 of 1st period - Derek Grant wins face-off versus Yanni Gourde in Kings zone.
0:30 of 1st period - Shot by Evander Kane.
0:30 of 1st period - Shot Misses the Net.
0:46 of 1st period - Shot by Yanni Gourde.
0:46 of 1st period - Stopped by Carey Price without a rebound.
0:47 of 1st period - Teddy Blueger wins face-off versus Chris Terry in Blackhawks zone.
0:47 of 1st period - Teddy Blueger is hit by Anthony Bitetto.
0:51 of 1st period - Shot by Teddy Blueger.
0:51 of 1st period - Shot Misses the Net.
0:53 of 1st period - Shot by Derek Forbort.
0:53 of 1st period - Stopped by Carey Price without a rebound.
0:54 of 1st period - Zac Dalpe wins face-off versus William Karlsson in Blackhawks zone.
1:11 of 1st period - Shot by Zac Dalpe.
1:11 of 1st period - Stopped by Jordan Binnington with a rebound.
2:40 of 1st period - Off-side.
2:41 of 1st period - Teddy Blueger wins face-off versus Derek Grant in neutral zone.
2:43 of 1st period - Pierre-Edouard Bellemare is hit by Justin Holl and loses puck.
4:03 of 1st period - Alex Pietrangelo is hit by Dmitry Orlov and loses puck.
5:34 of 1st period - Shot by Brock Boeser.
5:34 of 1st period - Shot Misses the Net.
5:50 of 1st period - Shot by Viktor Arvidsson.
5:50 of 1st period - Shot Misses the Net.
5:52 of 1st period - Shot by Derek Grant.
5:52 of 1st period - Shot Blocked by Shea Weber.
5:54 of 1st period - Shot by Derek Grant.
5:54 of 1st period - Shot Misses the Net.
5:56 of 1st period - Shot by Evander Kane.
5:56 of 1st period - Stopped by Jordan Binnington without a rebound.
5:57 of 1st period - Zac Dalpe wins face-off versus Teddy Blueger in Kings zone.
6:57 of 1st period - Off-side.
6:58 of 1st period - Kyle Palmieri wins face-off versus Yanni Gourde in neutral zone.
7:14 of 1st period - Mike Hoffman is hit by Justin Holl and loses puck.
7:17 of 1st period - Shot by Shea Weber.
7:17 of 1st period - Stopped by Carey Price without a rebound.
7:18 of 1st period - Derek Grant wins face-off versus William Karlsson in Blackhawks zone.
7:22 of 1st period - Off-side.
7:23 of 1st period - William Karlsson wins face-off versus Jordan Staal in neutral zone.
7:34 of 1st period - Shot by William Karlsson.
7:34 of 1st period - Stopped by Carey Price with a rebound.
7:36 of 1st period - Shot by William Karlsson.
7:36 of 1st period - Deflect By Kyle Connor.
7:36 of 1st period - Shot Misses the Net.
7:54 of 1st period - Shot by William Karlsson.
7:54 of 1st period - Shot Misses the Net.
7:56 of 1st period - Shot by Alex Pietrangelo.
7:56 of 1st period - Shot Blocked by Justin Holl.
8:08 of 1st period - Shot by Johnny Gaudreau.
8:08 of 1st period - Shot Misses the Net.
8:22 of 1st period - Shot by Brock Boeser.
8:22 of 1st period - Shot Blocked by Cam Fowler.
8:24 of 1st period - Shot by Yanni Gourde.
8:24 of 1st period - Shot Misses the Net.
8:26 of 1st period - Shot by Yanni Gourde.
8:26 of 1st period - Deflect By Brock Boeser.
8:26 of 1st period - Shot Misses the Net.
8:28 of 1st period - Shot by Zdeno Chara.
8:28 of 1st period - Stopped by Carey Price without a rebound.
8:29 of 1st period - Derek Grant wins face-off versus David Kampf in Blackhawks zone.
8:31 of 1st period - Evander Kane is hit by Ryan Carpenter and loses puck.
8:50 of 1st period - Shot by Evander Kane.
8:50 of 1st period - Shot Blocked by Scott Mayfield.
8:52 of 1st period - Shot by Evander Kane.
8:52 of 1st period - Stopped by Jordan Binnington without a rebound.
8:53 of 1st period - Mike Hoffman wins face-off versus Kevin Rooney in Kings zone.
9:28 of 1st period - Icing by Kevin Rooney.
9:29 of 1st period - William Karlsson wins face-off versus Kevin Rooney in Blackhawks zone.
9:59 of 1st period - Icing by William Karlsson.
10:00 of 1st period - Derek Grant wins face-off versus William Karlsson in Kings zone.
10:01 of 1st period - Shot by Evander Kane.
10:01 of 1st period - Shot Misses the Net.
10:09 of 1st period - Shot by Evander Kane.
10:09 of 1st period - Shot Hit the Post.
10:11 of 1st period - Shot by Evander Kane.
10:11 of 1st period - Stopped by Jordan Binnington without a rebound.
10:12 of 1st period - Mike Hoffman wins face-off versus Jordan Staal in Kings zone.
10:12 of 1st period - Brock Boeser is hit by Kyle Palmieri and loses puck.
11:04 of 1st period - Cam Fowler is hit by Yanni Gourde and loses puck.
11:12 of 1st period - Icing by Jordan Staal.
11:13 of 1st period - Jordan Staal wins face-off versus William Karlsson in Blackhawks zone.
11:13 of 1st period - Jordan Staal is hit by Johnny Gaudreau.
11:46 of 1st period - Derek Grant is hit by William Karlsson and loses puck.
12:06 of 1st period - Icing by Zach Werenski.
12:07 of 1st period - William Karlsson wins face-off versus Kevin Rooney in Kings zone.
12:23 of 1st period - Kevin Rooney is hit by Derek Forbort.
12:33 of 1st period - Shot by Kevin Rooney.
12:33 of 1st period - Shot Misses the Net.
12:35 of 1st period - Shot by Kevin Rooney.
12:35 of 1st period - Goal by Kevin Rooney - Blackhawks : 1 - Kings : 0.
12:36 of 1st period - Zac Dalpe wins face-off versus Yanni Gourde in neutral zone.
13:01 of 1st period - Shot by Brock Boeser.
13:01 of 1st period - Stopped by Carey Price without a rebound.
13:02 of 1st period - Derek Grant wins face-off versus Teddy Blueger in Blackhawks zone.
13:54 of 1st period - Double Minor Penalty to Justin Holl for Roughing.
13:55 of 1st period - Derek Grant wins face-off versus William Karlsson in Blackhawks zone.
14:01 of 1st period - Icing by Kyle Connor.
14:02 of 1st period - William Karlsson wins face-off versus Derek Grant in Kings zone.
14:07 of 1st period - Evander Kane is hit by Johnny Gaudreau and loses puck.
14:17 of 1st period - Cam Fowler is hit by Alex Pietrangelo and loses puck.
16:03 of 1st period - Shot by Johnny Gaudreau.
16:03 of 1st period - Shot Hit the Post.
16:21 of 1st period - Shot by Johnny Gaudreau.
16:21 of 1st period - Shot Blocked by Gabriel Landeskog.
16:23 of 1st period - Shot by Alex Pietrangelo.
16:23 of 1st period - Stopped by Carey Price without a rebound.
16:24 of 1st period - Mike Hoffman wins face-off versus Derek Grant in Blackhawks zone.
16:39 of 1st period - Shot by Yanni Gourde.
16:39 of 1st period - Goal by Yanni Gourde - Blackhawks : 1 - Kings : 1.
16:40 of 1st period - David Kampf wins face-off versus Kevin Rooney in neutral zone.
16:47 of 1st period - Shot by Ryan Carpenter.
16:47 of 1st period - Stopped by Carey Price without a rebound.
16:48 of 1st period - David Kampf wins face-off versus Kevin Rooney in Blackhawks zone.
17:11 of 1st period - Shot by Ryan Carpenter.
17:11 of 1st period - Shot Blocked by Anthony Bitetto.
17:13 of 1st period - Shot by David Kampf.
17:13 of 1st period - Shot Blocked by Anthony Bitetto.
17:19 of 1st period - Shot by Brock McGinn.
17:19 of 1st period - Deflect By Ryan Carpenter.
17:19 of 1st period - Shot Blocked by Marc Staal.
17:21 of 1st period - Shot by Ryan Carpenter.
17:21 of 1st period - Shot Blocked by Anthony Bitetto.
18:10 of 1st period - Shot by Alex Pietrangelo.
18:10 of 1st period - Stopped by Carey Price without a rebound.
18:11 of 1st period - Jordan Staal wins face-off versus Yanni Gourde in Blackhawks zone.
18:28 of 1st period - Shot by Jordan Staal.
18:28 of 1st period - Stopped by Jordan Binnington with a rebound.
18:40 of 1st period - Shot by Gabriel Landeskog.
18:40 of 1st period - Shot Blocked by Shea Weber.
18:44 of 1st period - Shot by Kyle Palmieri.
18:44 of 1st period - Stopped by Jordan Binnington with a rebound.
19:14 of 1st period - Shot by Evander Kane.
19:14 of 1st period - Stopped by Jordan Binnington without a rebound.
19:15 of 1st period - William Karlsson wins face-off versus Derek Grant in Kings zone.
19:20 of 1st period - Shot by Kyle Connor.
19:20 of 1st period - Shot Misses the Net.
19:52 of 1st period - Shot by Zach Werenski.
19:52 of 1st period - Shot Hit the Post.
Goals for this period are 1 for Blackhawks vs 1 for Kings.
Shots for this period are 9 for Blackhawks vs 10 for Kings.

2nd period


0:01 of 2nd period - William Karlsson wins face-off versus Jordan Staal in neutral zone.
0:12 of 2nd period - Shot by Johnny Gaudreau.
0:12 of 2nd period - Shot Blocked by Dmitry Orlov.
0:22 of 2nd period - Dmitry Orlov is hit by Johnny Gaudreau and loses puck.
0:35 of 2nd period - Shot by William Karlsson.
0:35 of 2nd period - Shot Blocked by Dmitry Orlov.
0:37 of 2nd period - Shot by Zach Werenski.
0:37 of 2nd period - Shot Blocked by Roman Josi.
0:41 of 2nd period - Shot by Johnny Gaudreau.
0:41 of 2nd period - Goal by Johnny Gaudreau - Blackhawks : 1 - Kings : 2.
0:42 of 2nd period - Evander Kane wins face-off versus Yanni Gourde in neutral zone.
0:54 of 2nd period - Yanni Gourde is hit by Justin Holl and loses puck.
1:22 of 2nd period - Minor Penalty to Yanni Gourde for Tripping.
1:22 of 2nd period - Minor Penalty to Justin Holl for Holding.
1:23 of 2nd period - Derek Grant wins face-off versus William Karlsson in Blackhawks zone.
2:06 of 2nd period - Shot by William Karlsson.
2:06 of 2nd period - Stopped by Carey Price without a rebound.
2:07 of 2nd period - Jordan Staal wins face-off versus Brock Boeser in Blackhawks zone.
2:11 of 2nd period - Off-side.
2:12 of 2nd period - Jordan Staal wins face-off versus Brock Boeser in neutral zone.
2:42 of 2nd period - Shot by Gabriel Landeskog.
2:42 of 2nd period - Stopped by Jordan Binnington without a rebound.
2:43 of 2nd period - Derek Grant wins face-off versus Kyle Connor in Kings zone.
3:17 of 2nd period - Dmitry Orlov is hit by Kyle Connor and loses puck.
3:41 of 2nd period - Shot by Pierre-Edouard Bellemare.
3:41 of 2nd period - Deflect By Corey Perry.
3:41 of 2nd period - Shot Misses the Net.
3:43 of 2nd period - Shot by Pierre-Edouard Bellemare.
3:43 of 2nd period - Stopped by Carey Price without a rebound.
3:44 of 2nd period - Jordan Staal wins face-off versus Yanni Gourde in Blackhawks zone.
3:52 of 2nd period - Icing by Brock Boeser.
3:53 of 2nd period - Mike Hoffman wins face-off versus Kyle Palmieri in Kings zone.
4:11 of 2nd period - Shot by Yanni Gourde.
4:11 of 2nd period - Stopped by Carey Price without a rebound.
4:12 of 2nd period - Zac Dalpe wins face-off versus Kyle Connor in Blackhawks zone.
4:17 of 2nd period - Tomas Nosek is hit by Johnny Gaudreau and loses puck.
4:41 of 2nd period - Icing by Alex Pietrangelo.
4:42 of 2nd period - William Karlsson wins face-off versus Evander Kane in Kings zone.
4:44 of 2nd period - Icing by Zach Werenski.
4:45 of 2nd period - William Karlsson wins face-off versus Derek Grant in Kings zone.
4:45 of 2nd period - Johnny Gaudreau is hit by Derek Grant.
5:09 of 2nd period - Shot by Dmitry Orlov.
5:09 of 2nd period - Shot Misses the Net.
5:10 of 2nd period - Minor Penalty to Evander Kane for Holding Stick.
5:11 of 2nd period - Derek Grant wins face-off versus Mike Hoffman in Blackhawks zone.
5:11 of 2nd period - Derek Grant is hit by Brock Boeser.
5:27 of 2nd period - Shot by Yanni Gourde.
5:27 of 2nd period - Stopped by Carey Price without a rebound.
5:28 of 2nd period - Derek Grant wins face-off versus Teddy Blueger in Blackhawks zone.
5:41 of 2nd period - Shot by Brock Boeser.
5:41 of 2nd period - Stopped by Carey Price without a rebound.
5:42 of 2nd period - William Karlsson wins face-off versus Derek Grant in Blackhawks zone.
5:43 of 2nd period - Shot by Kyle Connor.
5:43 of 2nd period - Stopped by Carey Price without a rebound.
5:44 of 2nd period - Derek Grant wins face-off versus William Karlsson in Blackhawks zone.
6:11 of 2nd period - Shot by Johnny Gaudreau.
6:11 of 2nd period - Goal by Johnny Gaudreau - Blackhawks : 1 - Kings : 3.
6:12 of 2nd period - Teddy Blueger wins face-off versus Kevin Rooney in neutral zone.
6:35 of 2nd period - Chris Terry is hit by Alex Pietrangelo.
6:48 of 2nd period - Patric Hornqvist is hit by Alex Pietrangelo and loses puck.
6:49 of 2nd period - Minor Penalty to Alex Pietrangelo for Slashing.
6:50 of 2nd period - Jordan Staal wins face-off versus William Karlsson in Kings zone.
6:51 of 2nd period - Shot by Justin Holl.
6:51 of 2nd period - Shot Misses the Net.
6:53 of 2nd period - Shot by Evander Kane.
6:53 of 2nd period - Deflect By Gabriel Landeskog.
6:53 of 2nd period - Shot Misses the Net.
6:55 of 2nd period - Shot by Justin Holl.
6:55 of 2nd period - Stopped by Jordan Binnington without a rebound.
6:56 of 2nd period - William Karlsson wins face-off versus Jordan Staal in Kings zone.
7:16 of 2nd period - Gabriel Landeskog is hit by Teddy Blueger and loses puck.
7:17 of 2nd period - Minor Penalty to Teddy Blueger for Elbowing.
7:18 of 2nd period - Ryan Carpenter wins face-off versus Derek Grant in Kings zone.
7:45 of 2nd period - Shot by Kyle Palmieri.
7:45 of 2nd period - Goal by Kyle Palmieri - Blackhawks : 2 - Kings : 3.
7:46 of 2nd period - Pierre-Edouard Bellemare wins face-off versus Jordan Staal in neutral zone.
7:46 of 2nd period - Pierre-Edouard Bellemare is hit by Jordan Staal.
7:56 of 2nd period - Brock McGinn is hit by Gabriel Landeskog and loses puck.
8:21 of 2nd period - Minor Penalty to Corey Perry for Hooking.
8:22 of 2nd period - Ryan Carpenter wins face-off versus Derek Grant in Kings zone.
8:48 of 2nd period - Icing by Roman Josi.
8:49 of 2nd period - Pierre-Edouard Bellemare wins face-off versus Derek Grant in Blackhawks zone.
9:51 of 2nd period - Shot by Evander Kane.
9:51 of 2nd period - Stopped by Jordan Binnington without a rebound.
9:52 of 2nd period - Jordan Staal wins face-off versus Brock McGinn in Kings zone.
10:07 of 2nd period - Shot by Dmitry Orlov.
10:07 of 2nd period - Shot Blocked by Teddy Blueger.
10:09 of 2nd period - Shot by Roman Josi.
10:09 of 2nd period - Stopped by Jordan Binnington without a rebound.
10:10 of 2nd period - William Karlsson wins face-off versus Viktor Arvidsson in Kings zone.
10:38 of 2nd period - Shot by Patric Hornqvist.
10:38 of 2nd period - Stopped by Jordan Binnington without a rebound.
10:39 of 2nd period - William Karlsson wins face-off versus Zac Dalpe in Kings zone.
10:39 of 2nd period - William Karlsson is hit by Tomas Nosek.
10:48 of 2nd period - Shot by Tomas Nosek.
10:48 of 2nd period - Shot Misses the Net.
11:06 of 2nd period - Shot by Rocco Grimaldi.
11:06 of 2nd period - Shot Blocked by Kyle Connor.
11:08 of 2nd period - Shot by Tomas Nosek.
11:08 of 2nd period - Shot Misses the Net.
12:07 of 2nd period - Shot by Yanni Gourde.
12:07 of 2nd period - Shot Misses the Net.
12:13 of 2nd period - Shot by Mike Hoffman.
12:13 of 2nd period - Stopped by Carey Price without a rebound.
12:14 of 2nd period - Teddy Blueger wins face-off versus Derek Grant in Blackhawks zone.
12:18 of 2nd period - Icing by Anthony Bitetto.
12:19 of 2nd period - Yanni Gourde wins face-off versus Derek Grant in Blackhawks zone.
12:32 of 2nd period - Zdeno Chara is hit by Evander Kane and loses puck.
13:17 of 2nd period - Minor Penalty to Kyle Palmieri for Cross-checking.
13:18 of 2nd period - William Karlsson wins face-off versus Jordan Staal in Blackhawks zone.
13:21 of 2nd period - Shot by William Karlsson.
13:21 of 2nd period - Stopped by Carey Price without a rebound.
13:22 of 2nd period - Jordan Staal wins face-off versus William Karlsson in Blackhawks zone.
14:31 of 2nd period - Shot by Shea Weber.
14:31 of 2nd period - Shot Misses the Net.
14:46 of 2nd period - Shot by Brock Boeser.
14:46 of 2nd period - Stopped by Carey Price with a rebound.
14:48 of 2nd period - Shot by Yanni Gourde.
14:48 of 2nd period - Shot Blocked by Marc Staal.
14:56 of 2nd period - Shot by Shea Weber.
14:56 of 2nd period - Stopped by Carey Price without a rebound.
14:57 of 2nd period - Jordan Staal wins face-off versus Teddy Blueger in Blackhawks zone.
15:09 of 2nd period - Shot by Mike Hoffman.
15:09 of 2nd period - Stopped by Carey Price with a rebound.
15:11 of 2nd period - Shot by Teddy Blueger.
15:11 of 2nd period - Deflect By Brock Boeser.
15:11 of 2nd period - Goal by Brock Boeser - Blackhawks : 2 - Kings : 4.
15:12 of 2nd period - Rocco Grimaldi wins face-off versus Brock McGinn in neutral zone.
15:25 of 2nd period - Shot by Tomas Nosek.
15:25 of 2nd period - Shot Misses the Net.
15:27 of 2nd period - Shot by Zac Dalpe.
15:27 of 2nd period - Shot Misses the Net.
15:29 of 2nd period - Shot by Roman Josi.
15:29 of 2nd period - Shot Blocked by Brock McGinn.
15:31 of 2nd period - Shot by Roman Josi.
15:31 of 2nd period - Stopped by Jordan Binnington without a rebound.
15:32 of 2nd period - Kyle Palmieri wins face-off versus Teddy Blueger in Kings zone.
16:15 of 2nd period - Shot by Kyle Palmieri.
16:15 of 2nd period - Shot Misses the Net.
16:37 of 2nd period - Shot by Kyle Connor.
16:37 of 2nd period - Shot Misses the Net.
16:39 of 2nd period - Shot by Johnny Gaudreau.
16:39 of 2nd period - Shot Blocked by Roman Josi.
16:41 of 2nd period - Shot by Johnny Gaudreau.
16:41 of 2nd period - Goal by Johnny Gaudreau - Blackhawks : 2 - Kings : 5.
16:42 of 2nd period - Yanni Gourde wins face-off versus Derek Grant in neutral zone.
17:01 of 2nd period - Shot by Viktor Arvidsson.
17:01 of 2nd period - Stopped by Jordan Binnington without a rebound.
17:02 of 2nd period - Kevin Rooney wins face-off versus William Karlsson in Kings zone.
17:02 of 2nd period - Patric Hornqvist is hit by Shea Weber and loses puck.
17:09 of 2nd period - Shot by Kevin Rooney.
17:09 of 2nd period - Shot Misses the Net.
17:11 of 2nd period - Shot by Kevin Rooney.
17:11 of 2nd period - Goal by Kevin Rooney - Blackhawks : 3 - Kings : 5.
17:12 of 2nd period - Yanni Gourde wins face-off versus Jordan Staal in neutral zone.
17:26 of 2nd period - Minor Penalty to Yanni Gourde for Cross-checking.
17:27 of 2nd period - Jordan Staal wins face-off versus Pierre-Edouard Bellemare in Kings zone.
17:44 of 2nd period - Shot by Evander Kane.
17:44 of 2nd period - Shot Blocked by Scott Mayfield.
17:46 of 2nd period - Shot by Jordan Staal.
17:46 of 2nd period - Shot Misses the Net.
17:48 of 2nd period - Shot by Jordan Staal.
17:48 of 2nd period - Shot Misses the Net.
18:05 of 2nd period - Gabriel Landeskog is hit by Derek Forbort and loses puck.
18:08 of 2nd period - Shot by Jordan Staal.
18:08 of 2nd period - Shot Misses the Net.
18:10 of 2nd period - Shot by Jordan Staal.
18:10 of 2nd period - Stopped by Jordan Binnington without a rebound.
18:11 of 2nd period - Derek Grant wins face-off versus William Karlsson in Kings zone.
18:44 of 2nd period - Shot by Viktor Arvidsson.
18:44 of 2nd period - Shot Misses the Net.
18:46 of 2nd period - Shot by Viktor Arvidsson.
18:46 of 2nd period - Shot Misses the Net.
18:52 of 2nd period - Shot by Roman Josi.
18:52 of 2nd period - Shot Blocked by Alex Pietrangelo.
18:54 of 2nd period - Shot by Dmitry Orlov.
18:54 of 2nd period - Stopped by Jordan Binnington without a rebound.
18:55 of 2nd period - William Karlsson wins face-off versus Jordan Staal in Kings zone.
19:23 of 2nd period - Icing by Cam Fowler.
19:24 of 2nd period - Jordan Staal wins face-off versus Pierre-Edouard Bellemare in Blackhawks zone.
19:24 of 2nd period - Jordan Staal is hit by Teddy Blueger.
19:32 of 2nd period - Shot by Kevin Rooney.
19:32 of 2nd period - Shot Misses the Net.
19:34 of 2nd period - Shot by Marc Staal.
19:34 of 2nd period - Shot Hit the Post.
19:36 of 2nd period - Shot by Chris Terry.
19:36 of 2nd period - Shot Blocked by Zach Werenski.
19:42 of 2nd period - Shot by Patric Hornqvist.
19:42 of 2nd period - Stopped by Jordan Binnington without a rebound.
19:43 of 2nd period - William Karlsson wins face-off versus Zac Dalpe in Kings zone.
19:53 of 2nd period - Icing by Shea Weber.
19:54 of 2nd period - William Karlsson wins face-off versus Jordan Staal in Kings zone.
Goals for this period are 2 for Blackhawks vs 4 for Kings.
Shots for this period are 12 for Blackhawks vs 15 for Kings.

3rd period


0:01 of 3rd period - Jordan Staal wins face-off versus Kyle Connor in neutral zone.
0:37 of 3rd period - Shot by Gabriel Landeskog.
0:37 of 3rd period - Stopped by Jordan Binnington without a rebound.
0:38 of 3rd period - Derek Grant wins face-off versus Mike Hoffman in Kings zone.
0:38 of 3rd period - Derek Grant is hit by Zdeno Chara.
1:04 of 3rd period - Shot by Evander Kane.
1:04 of 3rd period - Shot Misses the Net.
1:31 of 3rd period - Icing by Derek Grant.
1:32 of 3rd period - Derek Grant wins face-off versus William Karlsson in Blackhawks zone.
2:04 of 3rd period - Shot by Gabriel Landeskog.
2:04 of 3rd period - Shot Misses the Net.
2:12 of 3rd period - Shot by Kyle Palmieri.
2:12 of 3rd period - Stopped by Jordan Binnington without a rebound.
2:13 of 3rd period - Kevin Rooney wins face-off versus Teddy Blueger in Kings zone.
2:21 of 3rd period - Icing by Pierre-Edouard Bellemare.
2:22 of 3rd period - Kevin Rooney wins face-off versus Teddy Blueger in Kings zone.
2:27 of 3rd period - Shot by Patric Hornqvist.
2:27 of 3rd period - Shot Misses the Net.
2:41 of 3rd period - Shot by Teddy Blueger.
2:41 of 3rd period - Stopped by Carey Price without a rebound.
2:42 of 3rd period - Jordan Staal wins face-off versus William Karlsson in Blackhawks zone.
3:04 of 3rd period - Shot by Kyle Palmieri.
3:04 of 3rd period - Stopped by Jordan Binnington with a rebound.
3:06 of 3rd period - Shot by Gabriel Landeskog.
3:06 of 3rd period - Stopped by Jordan Binnington without a rebound.
3:07 of 3rd period - Evander Kane wins face-off versus Yanni Gourde in Kings zone.
3:18 of 3rd period - Shea Weber is hit by Dmitry Orlov and loses puck.
3:39 of 3rd period - Shot by Brock Boeser.
3:39 of 3rd period - Stopped by Carey Price without a rebound.
3:40 of 3rd period - William Karlsson wins face-off versus Jordan Staal in Blackhawks zone.
3:55 of 3rd period - Shot by Kyle Connor.
3:55 of 3rd period - Shot Blocked by Justin Holl.
3:57 of 3rd period - Shot by William Karlsson.
3:57 of 3rd period - Stopped by Carey Price without a rebound.
3:58 of 3rd period - Kevin Rooney wins face-off versus Teddy Blueger in Blackhawks zone.
4:20 of 3rd period - Shot by Teddy Blueger.
4:20 of 3rd period - Shot Blocked by Chris Terry.
4:26 of 3rd period - Shot by Pierre-Edouard Bellemare.
4:26 of 3rd period - Deflect By Teddy Blueger.
4:26 of 3rd period - Stopped by Carey Price without a rebound.
4:27 of 3rd period - Gabriel Landeskog wins face-off versus William Karlsson in Blackhawks zone.
5:11 of 3rd period - Shot by Gabriel Landeskog.
5:11 of 3rd period - Shot Blocked by Alex Pietrangelo.
5:41 of 3rd period - Shot by Cam Fowler.
5:41 of 3rd period - Stopped by Jordan Binnington with a rebound.
5:43 of 3rd period - Shot by Derek Grant.
5:43 of 3rd period - Shot Misses the Net.
5:45 of 3rd period - Shot by Derek Grant.
5:45 of 3rd period - Shot Misses the Net.
5:47 of 3rd period - Shot by Derek Grant.
5:47 of 3rd period - Deflect By Evander Kane.
5:47 of 3rd period - Shot Misses the Net.
5:49 of 3rd period - Shot by Derek Grant.
5:49 of 3rd period - Deflect By Viktor Arvidsson.
5:49 of 3rd period - Shot Misses the Net.
5:51 of 3rd period - Shot by Evander Kane.
5:51 of 3rd period - Shot Blocked by Shea Weber.
5:53 of 3rd period - Shot by Justin Holl.
5:53 of 3rd period - Stopped by Jordan Binnington without a rebound.
5:54 of 3rd period - Kevin Rooney wins face-off versus Teddy Blueger in Kings zone.
6:16 of 3rd period - Off-side.
6:17 of 3rd period - Zac Dalpe wins face-off versus Yanni Gourde in neutral zone.
6:17 of 3rd period - Rocco Grimaldi is hit by Yanni Gourde and loses puck.
6:42 of 3rd period - Shot by Rocco Grimaldi.
6:42 of 3rd period - Stopped by Jordan Binnington with a rebound.
6:59 of 3rd period - Minor Penalty to Shea Weber for Holding.
7:00 of 3rd period - Pierre-Edouard Bellemare wins face-off versus Jordan Staal in Kings zone.
7:19 of 3rd period - Shot by Justin Holl.
7:19 of 3rd period - Shot Blocked by Scott Mayfield.
7:21 of 3rd period - Shot by Justin Holl.
7:21 of 3rd period - Stopped by Jordan Binnington without a rebound.
7:21 of 3rd period - Minor Penalty to Scott Mayfield for Hooking.
7:22 of 3rd period - Derek Grant wins face-off versus Pierre-Edouard Bellemare in Kings zone.
7:41 of 3rd period - Shot by Kyle Palmieri.
7:41 of 3rd period - Goal by Kyle Palmieri - Blackhawks : 4 - Kings : 5.
7:42 of 3rd period - William Karlsson wins face-off versus Jordan Staal in neutral zone.
8:15 of 3rd period - Shot by Evander Kane.
8:15 of 3rd period - Deflect By Gabriel Landeskog.
8:15 of 3rd period - Shot Misses the Net.
8:17 of 3rd period - Shot by Justin Holl.
8:17 of 3rd period - Shot Blocked by Brock McGinn.
8:19 of 3rd period - Shot by Gabriel Landeskog.
8:19 of 3rd period - Stopped by Jordan Binnington without a rebound.
8:20 of 3rd period - Pierre-Edouard Bellemare wins face-off versus Derek Grant in Kings zone.
8:20 of 3rd period - Pierre-Edouard Bellemare is hit by Viktor Arvidsson.
8:23 of 3rd period - Shea Weber is hit by Kyle Palmieri and loses puck.
8:34 of 3rd period - Shot by Roman Josi.
8:34 of 3rd period - Shot Misses the Net.
8:36 of 3rd period - Shot by Derek Grant.
8:36 of 3rd period - Stopped by Jordan Binnington with a rebound.
8:52 of 3rd period - Zdeno Chara is hit by Derek Grant and loses puck.
9:03 of 3rd period - Shot by Roman Josi.
9:03 of 3rd period - Deflect By Viktor Arvidsson.
9:03 of 3rd period - Stopped by Jordan Binnington without a rebound.
9:04 of 3rd period - Pierre-Edouard Bellemare wins face-off versus Jordan Staal in Kings zone.
9:39 of 3rd period - Shot by Anthony Bitetto.
9:39 of 3rd period - Shot Misses the Net.
9:51 of 3rd period - Shot by Chris Terry.
9:51 of 3rd period - Stopped by Jordan Binnington without a rebound.
9:52 of 3rd period - Zac Dalpe wins face-off versus William Karlsson in Kings zone.
10:42 of 3rd period - Icing by Zach Werenski.
10:43 of 3rd period - Jordan Staal wins face-off versus Johnny Gaudreau in Kings zone.
10:58 of 3rd period - Shot by Kyle Palmieri.
10:58 of 3rd period - Shot Blocked by Zach Werenski.
11:00 of 3rd period - Shot by Jordan Staal.
11:00 of 3rd period - Shot Misses the Net.
12:13 of 3rd period - Icing by Alex Pietrangelo.
12:14 of 3rd period - Kevin Rooney wins face-off versus William Karlsson in Kings zone.
12:21 of 3rd period - Shot by Kevin Rooney.
12:21 of 3rd period - Deflect By Patric Hornqvist.
12:21 of 3rd period - Stopped by Jordan Binnington with a rebound.
12:27 of 3rd period - Shot by Chris Terry.
12:27 of 3rd period - Stopped by Jordan Binnington without a rebound.
12:28 of 3rd period - Zac Dalpe wins face-off versus Yanni Gourde in Kings zone.
12:40 of 3rd period - Icing by Shea Weber.
12:41 of 3rd period - Gabriel Landeskog wins face-off versus Yanni Gourde in Kings zone.
12:47 of 3rd period - Jordan Staal is hit by Zdeno Chara and loses puck.
13:06 of 3rd period - Shot by Mike Hoffman.
13:06 of 3rd period - Shot Misses the Net.
13:08 of 3rd period - Shot by Zdeno Chara.
13:08 of 3rd period - Shot Misses the Net.
13:16 of 3rd period - Shot by Mike Hoffman.
13:16 of 3rd period - Stopped by Carey Price without a rebound.
13:17 of 3rd period - Teddy Blueger wins face-off versus Derek Grant in Blackhawks zone.
13:29 of 3rd period - Shot by Pierre-Edouard Bellemare.
13:29 of 3rd period - Deflect By Corey Perry.
13:29 of 3rd period - Stopped by Carey Price without a rebound.
13:30 of 3rd period - Chris Terry wins face-off versus David Kampf in Blackhawks zone.
13:36 of 3rd period - Brock McGinn is hit by Patric Hornqvist.
13:53 of 3rd period - Icing by Roman Josi.
13:54 of 3rd period - Yanni Gourde wins face-off versus Kevin Rooney in Blackhawks zone.
13:54 of 3rd period - Yanni Gourde is hit by Roman Josi.
14:22 of 3rd period - Shot by Kevin Rooney.
14:22 of 3rd period - Stopped by Jordan Binnington with a rebound.
14:34 of 3rd period - Shot by Yanni Gourde.
14:34 of 3rd period - Stopped by Carey Price without a rebound.
14:35 of 3rd period - Derek Grant wins face-off versus Teddy Blueger in Blackhawks zone.
14:35 of 3rd period - Derek Grant is hit by Teddy Blueger.
14:51 of 3rd period - Shot by Evander Kane.
14:51 of 3rd period - Shot Blocked by Scott Mayfield.
14:53 of 3rd period - Shot by Viktor Arvidsson.
14:53 of 3rd period - Stopped by Jordan Binnington without a rebound.
14:54 of 3rd period - Jordan Staal wins face-off versus Johnny Gaudreau in Kings zone.
15:53 of 3rd period - Icing by Shea Weber.
15:54 of 3rd period - Yanni Gourde wins face-off versus Evander Kane in Kings zone.
15:54 of 3rd period - Yanni Gourde is hit by Evander Kane.
16:17 of 3rd period - Off-side.
16:18 of 3rd period - Pierre-Edouard Bellemare wins face-off versus Kevin Rooney in neutral zone.
16:48 of 3rd period - Off-side.
16:49 of 3rd period - Derek Grant wins face-off versus Yanni Gourde in neutral zone.
17:24 of 3rd period - Shot by Derek Grant.
17:24 of 3rd period - Shot Blocked by Zach Werenski.
17:50 of 3rd period - Shot by Johnny Gaudreau.
17:50 of 3rd period - Stopped by Carey Price with a rebound.
17:52 of 3rd period - Shot by Zdeno Chara.
17:52 of 3rd period - Goal by Zdeno Chara - Blackhawks : 4 - Kings : 6.
17:53 of 3rd period - Jordan Staal wins face-off versus Teddy Blueger in neutral zone.
17:56 of 3rd period - Shot by Kyle Palmieri.
17:56 of 3rd period - Shot Misses the Net.
18:24 of 3rd period - Shot by Teddy Blueger.
18:24 of 3rd period - Stopped by Carey Price with a rebound.
18:26 of 3rd period - Shot by Corey Perry.
18:26 of 3rd period - Shot Blocked by Roman Josi.
18:28 of 3rd period - Shot by Pierre-Edouard Bellemare.
18:28 of 3rd period - Shot Misses the Net.
18:30 of 3rd period - Shot by Derek Forbort.
18:30 of 3rd period - Shot Misses the Net.
18:32 of 3rd period - Shot by Pierre-Edouard Bellemare.
18:32 of 3rd period - Stopped by Carey Price with a rebound.
18:34 of 3rd period - Shot by Pierre-Edouard Bellemare.
18:34 of 3rd period - Stopped by Carey Price without a rebound.
18:35 of 3rd period - Kevin Rooney wins face-off versus William Karlsson in Blackhawks zone.
18:35 of 3rd period - Kevin Rooney is hit by Johnny Gaudreau.
18:38 of 3rd period - Icing by Patric Hornqvist.
18:39 of 3rd period - Yanni Gourde wins face-off versus Kevin Rooney in Blackhawks zone.
Goals for this period are 1 for Blackhawks vs 1 for Kings.
Shots for this period are 17 for Blackhawks vs 12 for Kings.